 Dungeon Crawl Stone Soup version 0.21-a0-529-g8c7b3f5 (webtiles) character file.

433 slep the Chopper (level 7, 0/35 HPs)
             Began as a Vine Stalker Gladiator on Dec 10, 2017.
             Was a Follower of Okawaru.
             Slain by an adder zombie (2 damage)
             ... on level 5 of the Dungeon.
             The game lasted 00:10:22 (2564 turns).

slep the Chopper (Vine Stalker Gladiator)           Turns: 2564, Time: 00:10:22

Health: 0/35       AC:  5    Str: 18    XL:     7   Next: 0%
Magic:  0/8        EV: 10    Int:  8    God:    Okawaru [*.....]
Gold:   274        SH:  8    Dex: 16    Spells: 6/6 levels left

rFire    . . .     SeeInvis .   t - -1 war axe (curse)
rCold    . . .     Gourm    .   A - +0 shield (curse)
rNeg     . . .     Faith    .   b - +0 leather armour
rPois    .         Spirit   +   c - +0 helmet
rElec    .         Reflect  .   (no cloak)
rCorr    .         Harm     .   (no gloves)
MR       .....                  o - +0 pair of boots
Stlth    ++........             (no amulet)
HPRegen  0.51/turn              (no ring)
MPRegen  0.11/turn              (no ring)

@: lethally poisoned (0 -> -1)
A: fangs 2, regeneration 1, magic shield, antimagic bite, no potion heal 3, rot
immunity
a: Heroism, Renounce Religion


You were on level 5 of the Dungeon.
You worshipped Okawaru.
Okawaru was aware of your devotion.
You were hungry.

You visited 1 branch of the dungeon, and saw 5 of its levels.

You collected 274 gold pieces.

Inventory:

Hand Weapons
 a - a +0 war axe
 t - a cursed -1 war axe (weapon)
 D - a cursed -2 hand axe
 G - the +6 morningstar of the Fifty Deaths {crush, Str+4 Dex+2, unknown}
   (You found it on level 4 of the Dungeon)

   It inflicts extra damage upon your enemies.
   It affects your strength (+4).
   It affects your dexterity (+2).
Missiles
 d - a throwing net (quivered)
 y - 3 tomahawks of returning
Armour
 b - a +0 leather armour (worn)
 c - a +0 helmet (worn)
 o - a +0 pair of boots (worn)
 A - a cursed +0 shield (worn)
Wands
 B - a wand of flame (25)
 C - a wand of iceblast (6)
Scrolls
 e - a scroll of teleportation {unknown}
 g - 5 scrolls of identify {unknown}
 h - 2 scrolls of remove curse {unknown}
 j - 4 scrolls of immolation {unknown}
 l - a scroll of fog {unknown}
 p - a scroll of enchant armour {unknown}
 q - a scroll of noise {unknown}
 r - 2 scrolls of amnesia {unknown}
 v - a scroll of random uselessness {unknown}
 x - a scroll of fear {unknown}
 F - a scroll of magic mapping {unknown}
Potions
 i - a potion of invisibility {unknown}
 k - 3 potions of degeneration {unknown}
 m - a potion of haste {unknown}
 n - a potion of might {unknown}
 u - a potion of cancellation {unknown}
 w - a potion of curing {unknown}
 z - a potion of resistance {unknown}
Comestibles
 f - 3 bread rations
 s - 2 meat rations
 E - a royal jelly


   Skills:
 + Level 2.5 Fighting
 + Level 5.6 Axes
 + Level 2.0 Throwing
 + Level 1.9 Armour
 + Level 2.8 Dodging
 + Level 0.8 Stealth
 + Level 1.0 Shields


You had 6 spell levels left.
You didn't know any spells.

Dungeon Overview and Level Annotations

Branches:
Dungeon (5/15)             Temple (0/1) D:4

Altars:
Cheibriados
Elyvilon
Makhleb
Okawaru
Vehumet

Annotations:
D:5 Grinder


Innate Abilities, Weirdness & Mutations

You have extremely sharp teeth.
Your natural rate of healing is unusually fast.
When hurt, damage is shared between your health and your magic reserves.
Your bite disrupts and absorbs the magic of your enemies.
Potions cannot restore your health.
You are immune to rotting.


Message History

You writhe in agony.
The adder hisses angrily.
You hit Grinder. You bite Grinder, but do no damage.
Grinder is severely wounded.
You block Grinder's attack.
You closely miss Grinder. You bite Grinder.
Grinder's magic leaks into the air.
You drain her magic.
You feel invigorated.
Grinder is severely wounded.
You feel sick. You block Grinder's attack. Grinder hits you.
* * * LOW HITPOINT WARNING * * *
You writhe in agony.
You hit Grinder. Your bite misses Grinder.
Grinder is almost dead.
You hit the adder zombie but do no damage.
You block the adder zombie's attack. Grinder hits you but does no damage.
You barely miss Grinder. Your bite misses Grinder.
Grinder is almost dead.
You closely miss the adder zombie. You block the adder zombie's attack.
Grinder falters for a moment.
The adder zombie bites you.
You die...

#######
##.....# ..
#......##..
#.........
#......... .
#.5....# ..
#@S.<..##...
#Zp......S..
+...........
#....(......
#...†.......
#.[.........
##....###.##
#...^# #
......


You could see Grinder, a slave, an adder and an adder zombie.

Vanquished Creatures
  An ogre (D:4)
  A scorpion (D:4)
  2 hounds (D:4)
  A centaur skeleton (D:4)
  2 worker ants (D:4)
  8 adders
  4 worms
  3 dart slugs
  6 orcs (D:3)
  5 giant cockroaches
  8 goblins
  5 hobgoblins
  5 jackals (D:3)
  A quokka (D:2)
  3 ball pythons (D:3)
  3 bats
  3 frilled lizards (D:2)
  A jackal skeleton (D:4)
  8 kobolds
  7 rats
77 creatures vanquished.

Vanquished Creatures (others)
  A frilled lizard (D:5)
1 creature vanquished.

Grand Total: 78 creatures vanquished

Notes
Turn   | Place    | Note
-------+----------+-------------------------------------------
     0 | D:1      | slep the Vine Stalker Gladiator began the quest for the Orb.
     0 | D:1      | Reached XP level 1. HP: 11/11 MP: 2/2
   376 | D:1      | Reached skill level 3 in Axes
   376 | D:1      | Reached XP level 2. HP: 15/15 MP: 3/3
   717 | D:2      | Reached XP level 3. HP: 12/18 MP: 2/4
  1144 | D:2      | Found a burning altar of Makhleb.
  1150 | D:2      | Reached skill level 1 in Armour
  1150 | D:2      | Gained mutation: Your natural rate of healing is unusually fast. [Vine Stalker growth]
  1150 | D:2      | Reached XP level 4. HP: 22/23 MP: 5/5
  1589 | D:3      | Found a white marble altar of Elyvilon.
  1772 | D:3      | Reached skill level 4 in Axes
  1813 | D:3      | Found an iron altar of Okawaru.
  1817 | D:3      | Became a worshipper of Warmaster Okawaru
  1935 | D:3      | Found a snail-covered altar of Cheibriados.
  1952 | D:3      | Reached XP level 5. HP: 26/26 MP: 6/6
  2112 | D:4      | Found a radiant altar of Vehumet.
  2155 | D:4      | Found a staircase to the Ecumenical Temple.
  2172 | D:4      | Noticed an ogre
  2187 | D:4      | Killed an ogre
  2187 | D:4      | Reached skill level 5 in Axes
  2187 | D:4      | Reached XP level 6. HP: 12/32 MP: 5/7
  2202 | D:4      | Reached * piety under Okawaru
  2250 | D:4      | Got a steaming morningstar
  2431 | D:4      | Reached skill level 1 in Shields
  2539 | D:5      | Entered Level 5 of the Dungeon
  2539 | D:5      | Noticed Grinder
  2553 | D:5      | Reached XP level 7. HP: 9/35 MP: 3/8
  2560 | D:5      | HP: 1/35 [Grinder (7)]
  2564 | D:5      | Slain by an adder zombie

Vault maps used:
D:1:      dpeg_arrival_tiny_a, minmay_misc_feat_nine_boxes, st_stairs_8
D:2:      lemuel_doored_altar
D:3:      marbit_many_paths, kennysheep_slug_shrine, elyvilon_altar_5
D:4:      vehumet_altar_wand_db, minmay_temple_entry_overgrown, first_bread
D:5:      nicolae_overflow_hidden_temple, zin_statuary, lemuel_flame_loot_1,
          uniq_duvessa, uniq_grinder, uniq_pikel

Skill      XL: |  1  2  3  4  5  6 |
---------------+-------------------+-----
Axes           | 3 4 5 |  5.6
Throwing       | 2 |  2.0
Armour         | 1 |  1.9
Fighting       | 2 |  2.5
Shields        | 1 |  1.0
Dodging        | |  2.8
Stealth        | |  0.8

Action                   |  1- 3 |  4- 6 |  7- 9 || total
-------------------------+-------+-------+-------++-------
Melee: War axe           |    66 |   145 |     4 ||   215
       Bite              |    18 |    36 |     2 ||    56
Throw: Throwing net      |       |     1 |     1 ||     2
Evoke: Wand              |       |     3 |     3 ||     6
 Stab: Sleeping          |     2 |     1 |       ||     3
       Held in net/web   |       |     1 |       ||     1
  Eat: Chunk             |       |     5 |       ||     5
Armor: Leather armour    |    16 |    45 |     1 ||    62
Dodge: Dodged            |    39 |   105 |     1 ||   145
Block: Shield            |       |    23 |     5 ||    28

Table legend:
 A = Spawn XP
 B = Non-spawn XP
 C = Spawn XP percentage of total XP
 D = Spawn monster count
 E = Non-spawn monster count
 F = Spawn count percentage of total count
 G = Total turns spent on level
                    A         B        C        D         E        F      G
               +---------+---------+-------+---------+---------+-------+---------
         Total |       0 |     619 |   0.0 |       0 |      77 |   0.0 |  2564
               +---------+---------+-------+---------+---------+-------+---------
           D:1 |       0 |      21 |   0.0 |       0 |      11 |   0.0 |   702
           D:2 |       0 |      78 |   0.0 |       0 |      23 |   0.0 |   674
           D:3 |       0 |      72 |   0.0 |       0 |      28 |   0.0 |   736
           D:4 |       0 |     430 |   0.0 |       0 |      13 |   0.0 |   427
           D:5 |       0 |      18 |   0.0 |       0 |       2 |   0.0 |    25
               +---------+---------+-------+---------+---------+-------+---------
